 Dungeon Sprint DCSS version 0.30-a0-883-g5ad918d77d (webtiles) character file.

Game seed: 1666630423479323695

366 sircluck the Protected (level 6, -1/44 HPs)
             Began as a Gargoyle Fighter on Mar 16, 2023.
             Slain by a human
             ... wielding a +0 dagger
              (11 damage)
             ... in the Dungeon (Sprint III: "The Ten Rune Challenge").
             The game lasted 00:01:49 (372 turns).

sircluck the Protected (Gargoyle Fighter)            Turns: 372, Time: 00:01:50

Health: -1/44      AC: 12    Str: 22    XL:     6   Next: 68%
Magic:  6/6        EV:  9    Int:  8    God:
Gold:   35         SH:  5    Dex:  9    Spells: 5/5 levels left

rFire   . . .      SeeInvis .    a - +0 flail
rCold   . . .      Faith    .    c - +0 buckler
rNeg    + . .      Spirit   .    b - +0 scale mail
rPois   ∞          Reflect  .    (no helmet)
rElec   +          Rampage  .    (no cloak)
rCorr   .          NoTele   +    (no gloves)
Will    .....                    (no boots) Stlth
                                 (no amulet)
HPRegen 0.27/turn                (no ring)
MPRegen 0.10/turn                (no ring)

@: mighty, hasted, very quick
A: sickness immunity, AC +4, negative energy resistance 1, electricity
resistance, torment resistance 1, petrification resistance
a: no special abilities


You were in the Dungeon.
You visited 1 branch You collected 35 gold pieces.

Inventory:

Hand Weapons
 a - a +0 flail (weapon)
Armour
 b - a +0 scale mail (worn)
 c - a +0 buckler (worn)
Wands
 i - a wand of polymorph (5)
Scrolls
 j - a scroll of blinking
 k - 5 scrolls of identify
 l - a scroll of poison {unknown}
 o - a scroll of immolation {unknown}
Potions
 h - 2 potions of magic
 m - 3 potions of flight
 n - 4 potions of mutation
 p - 2 potions of resistance {unknown}


   Skills:
 + Level 7.9 Fighting
 + Level 7.6 Maces & Flails
 + Level 8.8 Armour
 + Level 0.9 Dodging
 + Level 7.3 Shields


You had 5 spell levels left.
You didn't know any spells.
Your spell library contained the following spells:

 Spells                   Type           Power      Damage    Failure   Level
 Poisonous Vapours        Pois/Air       0%         N/A       88%         2
 Mephitic Cloud           Conj/Pois/Air  0%         N/A       98%         3
 Cigotuvi's Dreadful Rot  Necr/Pois/Air  Unusable   N/A       N/A         2

Dungeon Overview and Level Annotations

Branches:
Dungeon (1/1)

Altars:
Dithmenos
Kikubaaqudgha
Okawaru
Ru
Sif Muna
Trog
Uskayaw
Vehumet
Wu Jian
Yredelemnul


Innate Abilities, Weirdness & Mutations

You are immune to sickness and miasma.
Your stone body is resilient. (AC +4)
You are immune to poison.
You resist negative energy. (rN+)
You are resistant to electric shocks. (rElec)
You are resistant to unholy torment.
You are immune to petrification.


Message History

The human is almost dead.
The human hits you with a +0 dagger!
* * * LOW HITPOINT WARNING * * *
The human barely misses you. You block the human's attack.
You closely miss the human.
The human is almost dead.
You block the human's attack. The human barely misses you.
You feel much better. The human closely misses you.
You block the human's attack. The human hits you with a +0 dagger.
You sock the human!
You kill the human!
The human hits you with a +0 dagger. You block the human's attack.
Your Maces & Flails skill increases to level 7!
Your Armour skill increases to level 8!
Your Shields skill increases to level 7!
You thump the human!
The human is moderately wounded.
The human hits you with a +0 dagger!
You barely miss the human.
The human is moderately wounded.
The human barely misses you. The human hits you with a +0 dagger!
* * * LOW HITPOINT WARNING * * *
Aiming: Polymorph
Press: ? - help, Q - select action Shift-Dir - straight line, f - human
Aim: a human, wielding a +0 dagger (moderately wounded, berserk, will become a mana viper, a boggart, or an acid dragon, chance to affect: 49%)
The human resists with some effort.
The human closely misses you.
Aiming: Polymorph
Press: ? - help, Q - select action Shift-Dir - straight line, f/p - human
Aim: a human, wielding a +0 dagger (moderately wounded, berserk, will become a mana viper, a boggart, or an acid dragon, chance to affect: 49%)
The human resists with some effort.
You block the human's attack. The human misses you.
You feel better. The human misses you.
You feel yourself speed up. The human hits you with a +0 dagger.
* * * LOW HITPOINT WARNING * * *
The human hits you with a +0 dagger.
* * * LOW HITPOINT WARNING * * *
The human rages.
The human hits you with a +0 dagger!
You die...

▓▓▓▓ ▓▓▓ [..#### ##.#
######## ......#####..#
#___#__# ....)..#..#..#
#__.#)_#
#.##...#..#..###+#'###'##
#.###..##'#..#...p.†....#
##.##..###...'.⌠@.......#
..##.†####...#...######+#
..##..###....#.⌠.#
.##...##.....#...#
##....#......#'###
##..##.#.....#)).# #..
####....#___# ▓▓▓
▓▓▓▓▓▓▓▓▓▓


You could see a human (berserk).

Vanquished Creatures
  A necrophage (D)
  A water elemental (D)
  Jessica (D)
  A necromancer (D)
  2 humans (D)
  A kobold demonologist (D)
  A phantom (D)
  An endoplasm (D)
  2 rats (D)
11 creatures vanquished.

Vanquished Creatures (others)
  A wizard (D)
1 creature vanquished.

Grand Total: 12 creatures vanquished

Notes
Turn   | Place    | Note
-------+----------+-------------------------------------------
     0 | D        | sircluck the Gargoyle Fighter began the quest for the Orb.
     0 | D        | Reached XP level 1. HP: 14/14 MP: 1/1
    65 | D        | Noticed Jessica
    71 | D        | Killed Jessica
    72 | D        | Reached skill level 4 in Armour
    72 | D        | Reached XP level 2. HP: 18/20 MP: 2/2
    72 | D        | Reached XP level 3. HP: 22/25 MP: 3/3
   113 | D        | Reached skill level 5 in Fighting
   113 | D        | Reached skill level 5 in Armour
   113 | D        | Reached skill level 5 in Shields
   158 | D        | Noticed a water elemental
   162 | D        | Killed a water elemental
   163 | D        | Reached skill level 6 in Armour
   163 | D        | Reached XP level 4. HP: 32/32 MP: 4/4
   201 | D        | Found a basalt altar of Yredelemnul.
   201 | D        | Found a shadowy altar of Dithmenos.
   201 | D        | Found a sacrificial altar of Ru.
   201 | D        | Noticed a necrophage
   207 | D        | Killed a necrophage
   208 | D        | Reached skill level 5 in Maces & Flails
   208 | D        | Reached skill level 7 in Armour
   208 | D        | Reached XP level 5. HP: 25/37 MP: 5/5
   259 | D        | Found a radiant altar of Vehumet.
   259 | D        | Found a shimmering blue altar of Sif Muna.
   259 | D        | Found an ancient bone altar of Kikubaaqudgha.
   262 | D        | Noticed a hellwing
   283 | D        | Reached XP level 6. HP: 27/44 MP: 6/6
   353 | D        | Found a hide-covered altar of Uskayaw.
   353 | D        | Found an iron altar of Okawaru.
   353 | D        | Found a bloodstained altar of Trog.
   353 | D        | Found an ornate altar of the Wu Jian Council.
   353 | D        | Noticed a human
   354 | D        | Noticed a human
   364 | D        | Killed a human
   365 | D        | Reached skill level 8 in Armour
   372 | D        | Slain by a human

Illustrated notes

Levels and vault maps discovered:
D:        dungeon_sprint_mu [sprint_mu_entry_cave, sprint_mu_temple_rooms,
          sprint_mu_d1_horrors, sprint_mu_d2_genie, sprint_mu_d3_branching,
          sprint_mu_orc_legion, sprint_mu_elf_gauntlet, sprint_mu_hive_nellie,
          sprint_mu_lair_fedhas, sprint_mu_vaults_butterflies,
          sprint_mu_slime_circle, sprint_mu_shoals_kraken,
          sprint_mu_snake_twists, sprint_mu_blade_basic, sprint_mu_crypt_lich,
          sprint_mu_tomb_spiral, sprint_mu_vestibule_basic,
          sprint_mu_gehenna_hellfire, sprint_mu_dis_giant,
          sprint_mu_tartarus_statrot, sprint_mu_cocytus_islands, sprint_mu_zot1]

Skill      XL: |  1  2  3  4  5  6 |
---------------+-------------------+-----
Fighting       | 4 6 7 |  7.9
Maces & Flails | 3 4 5 6 7 |  7.6
Armour         | 4 6 7 8 |  8.8
Shields        | 4 5 6 7 |  7.3
Dodging        | |  0.9

Action                     |  1- 3 |  4- 6 || total
---------------------------+-------+-------++-------
  Melee: Flail             |    36 |    37 ||    73
  Evoke: Wand              |       |     2 ||     2
    Use: Potion            |     1 |     4 ||     5
 Armour: Scale mail        |     9 |    14 ||    23
  Dodge: Dodged            |    14 |    15 ||    29
  Block: Buckler           |     8 |    14 ||    22

Table legend: (Time is in decaauts)
 A = Elapsed time spent in this place.
 B = Non-inter-level travel time spent in this place.
 C = Inter-level travel time spent in this place.
 D = Time resting spent in this place.
 E = Time spent auto-exploring this place.
 F = Levels seen in this place.
 G = Mean time per level.
                   A        B        C        D        E       F      G
               +--------+--------+--------+--------+--------+-----+--------+
         Total |    396 |    396 |      0 |    115 |     65 |   1 |  396.0 |
       Dungeon |    396 |    396 |      0 |    115 |     65 |   1 |  396.0 |
               +--------+--------+--------+--------+--------+-----+--------+

Top non-repeatable levels by time:
       D: 396 daAuts
